 Dungeon Crawl Stone Soup version 0.21-a0-529-g8c7b3f5 (webtiles) character file.

97044 Amnesiac the Deadly Accurate (level 16, -4/180 HPs)
             Began as an Ogre Arcane Marksman on Dec 12, 2017.
             Was the Champion of Okawaru.
             Killed from afar by a tengu reaver (32 damage)
             ... with a bolt of magma
             ... on level 2 of the Depths.
             The game lasted 01:13:01 (24088 turns).

Amnesiac the Deadly Accurate (OgAM)                Turns: 24088, Time: 01:13:01

Health: -4/180     AC: 18    Str: 17 (19) XL:     16   Next: 18%
Magic:  0/22       EV: 12    Int: 10      God:    Okawaru [******]
Gold:   1916       SH: 19    Dex: 18 (19) Spells: 9/23 levels left

rFire    . . .     SeeInvis .   a - +6 fustibalus (flame)
rCold    + + +     Gourm    .   c - +0 large shield {rN+}
rNeg     + + .     Faith    +   g - +0 ice dragon scales
rPois    .         Spirit   +   B - +2 hat of Rakhabal {rC++ rN+ Int-5 Dex+2}
rElec    .         Reflect  .   b - scarf {Spirit}
rCorr    .         Harm     .   (gloves unavailable)
MR       ++...     Rnd*Rage +   (boots unavailable)
Stlth    +.........             N - amulet of faith
HPRegen  0.80/turn              u - ring of protection from magic
MPRegen  0.18/turn              V - ring "Idaulit" {rF+ Str-2 Dex+3 Stlth-}

@: heroism, finesse
A: large, unfitting armour, icy blue scales 1, thin skeletal structure 1, agile
1, berserk 1, blurry vision 1, deterioration 2, regeneration 1, tough skin 1, no
potion heal 1, sturdy frame 1
a: Heroism, Finesse, Renounce Religion


You were on level 2 of the Depths.
You worshipped Okawaru.
Okawaru was exalted by your worship.
You were not hungry.

You visited 3 branches of the dungeon, and saw 18 of its levels.

You collected 1916 gold pieces.

Inventory:

Hand Weapons
 a - a +6 fustibalus of flaming (weapon)
 x - a +0 blowgun
Missiles
 e - 4 needles of sleeping
 o - a large rock (quivered)
 y - 8 curare-tipped needles
 D - 54 poisoned needles
 F - 5 javelins
 L - 11 tomahawks
 P - 2 silver tomahawks
 R - 2 needles of confusion
 T - 2 silver javelins
 Z - 4 poisoned javelins
Armour
 b - a scarf of spirit shield (worn)
 c - a +0 large shield of positive energy (worn)
 g - +0 ice dragon scales (worn)
 B - the +2 hat of Rakhabal (worn) {rC++ rN+ Int-5 Dex+2}
   (Okawaru gifted it to you on level 10 of the Dungeon)

   It affects your intelligence (-5).
   It affects your dexterity (+2).
   It greatly protects you from cold.
   It protects you from negative energy.
Jewellery
 u - a ring of protection from magic (left hand)
 J - an uncursed ring of see invisible
 N - an amulet of faith (around neck)
 V - the ring "Idaulit" (right hand) {rF+ Str-2 Dex+3 Stlth-}
   (You found it on level 14 of the Dungeon)

   [ring of loudness]

   It affects your strength (-2).
   It affects your dexterity (+3).
   It protects you from fire.
   It makes you less stealthy.
 Y - an uncursed ring of wizardry
Wands
 n - a wand of enslavement (23)
 G - a wand of digging (28)
 I - a wand of paralysis (31)
 O - a wand of acid (3)
Scrolls
 d - 3 scrolls of fog {!r}
 h - a scroll of holy word {!r}
 i - 3 scrolls of identify {!r}
 j - 7 scrolls of enchant armour {!r}
 l - 10 scrolls of remove curse {!r}
 r - a scroll of silence {!r, unknown}
 v - 5 scrolls of amnesia {!r}
 E - 4 scrolls of teleportation {!r}
 H - 3 scrolls of enchant weapon {!r}
 S - 4 scrolls of magic mapping {!r}
 W - a scroll of blinking {!r}
Potions
 p - 2 potions of heal wounds {!q}
 q - 3 potions of brilliance {!q}
 s - a potion of haste {!q}
 t - 2 potions of might {!q}
 w - a potion of cancellation {!q}
 z - 2 potions of resistance {!q}
 A - 2 potions of agility {!q}
 C - 2 potions of curing {!q}
 K - a potion of mutation {!q}
 U - 2 potions of lignification {!q}
 X - a potion of ambrosia {!q}
Comestibles
 f - 9 bread rations
 m - 9 meat rations


   Skills:
 + Level 16.7(21.7) Fighting
 * Level 18.1(23.1) Throwing
 + Level 6.9(11.9) Armour
 - Level 1.7(6.7) Dodging
 - Level 10.0(15.0) Shields
 - Level 4.0 Spellcasting
 - Level 5.0 Hexes
 - Level 8.0 Invocations


You had 9 spell levels left.
You knew the following spells:

 Your Spells              Type           Power        Failure   Level  Hunger
a - Corona                Hex            ##.....      7%          1    #......
b - Portal Projectile     Hex/Tloc       #.....       50%         3    ###....
c - Passwall              Tmut/Erth      #.........   63%         2    ##.....
d - Confuse               Hex            ##......     21%         3    ###....
e - Slow                  Hex            ##......     11%         2    ##.....
w - Tukima's Dance        Hex            ##......     21%         3    ###....


Dungeon Overview and Level Annotations

Branches:
Dungeon (15/15)            Temple (1/1) D:4            Lair (0/6) D:9
    Orc (0/2) D:9          Vaults (0/5) D:14         Depths (2/5) D:15

Altars:
Ashenzari
Cheibriados
Dithmenos
Elyvilon
Fedhas
Gozag
Hepliaklqana
Kikubaaqudgha
Makhleb
Nemelex Xobeh
Okawaru
Qazlal
Ru
Sif Muna
Trog
Uskayaw
Vehumet
Wu Jian
Xom
Yredelemnul
Zin
The Shining One
Beogh

Shops:
D:7 [   D:10 (   D:15 %

Portals:
Hell: Depths:1 Depths:2
Abyss: Depths:1


Innate Abilities, Weirdness & Mutations

You are too large for most types of armour.
You have tough skin. (AC +1)
You are partially covered in icy blue scales. (AC +2)
You have a somewhat thin skeletal structure. (Dex +2, Stealth)
You are agile. (Dex +2)
You tend to lose your temper in combat.
Scrolls take you a little longer to read.
Your body often deteriorates upon taking damage.
Your natural rate of healing is unusually fast.
Potions are less effective at restoring your health.
Your movements are slightly less encumbered by armour. (ER -2)


Message History

Throwing (i - inventory. (,) - cycle):
o - 8 large rocks (quivered)
Press: ? - help, Shift-Dir - straight line, f - sphinx, p - ice dragon
Aim: a sphinx You throw a large rock.
The tengu reaver blocks the large rock.
Throwing (i - inventory. (,) - cycle):
o - 7 large rocks (quivered)
Press: ? - help, Shift-Dir - straight line, f/p - sphinx
Aim: a sphinx You throw a large rock.
The tengu reaver blocks the large rock.
The ice dragon bites you but does no damage.
The ice dragon claws you!
* * * LOW HITPOINT WARNING * * *
You block the ice dragon's attack.
Throwing (i - inventory. (,) - cycle):
o - 6 large rocks (quivered)
Press: ? - help, Shift-Dir - straight line, f/p - sphinx
Aim: a sphinx You throw a large rock.
The large rock hits the tengu reaver but does no damage.
The tengu reaver is almost dead.
You block the tengu reaver's attack. The tengu reaver pecks you.
* * * LOW HITPOINT WARNING * * *
The tengu reaver claws you but does no damage.
Throwing (i - inventory. (,) - cycle):
o - 5 large rocks (quivered)
Press: ? - help, Shift-Dir - straight line, f/p - sphinx
Aim: a sphinx You throw a large rock.
The tengu reaver blocks the large rock.
Throwing (i - inventory. (,) - cycle):
o - 4 large rocks (quivered)
Press: ? - help, Shift-Dir - straight line, f/p - sphinx
Aim: a sphinx You throw a large rock.
The tengu reaver blocks the large rock.
You block the ice dragon's attack. x3
Throwing (i - inventory. (,) - cycle):
o - 3 large rocks (quivered)
Press: ? - help, Shift-Dir - straight line, f/p - sphinx
Aim: a sphinx You throw a large rock.
The tengu reaver blocks the large rock.
The tengu reaver points at you and mumbles some strange words.
The bolt of magma hits you!
* * * LOW HITPOINT WARNING * * *
Your body deteriorates!
You feel weakened.
Throwing (i - inventory. (,) - cycle):
o - 2 large rocks (quivered)
Press: ? - help, Shift-Dir - straight line, f/p - sphinx
Aim: a sphinx You throw a large rock.
The tengu reaver blocks the large rock.
The sphinx mumbles some strange words.
Something smites you!
* * * LOW HITPOINT WARNING * * *
The ice dragon bites you but does no damage.
You block the ice dragon's attack. The ice dragon tramples you!
* * * LOW HITPOINT WARNING * * *
You hold your ground!
Really read
W - a scroll of blinking {!r}?
Really read with blurry vision while enemies are nearby?
Okay, then.
Unknown command.
Really quaff
p - 3 potions of heal wounds {!q}?
Your system partially rejects the healing.
You feel much better. The tengu reaver barely misses you.
You block the tengu reaver's attack.
The tengu reaver claws you but does no damage.
The ice dragon breathes frost at you. The blast of cold misses you.
You hear a deafening roar!
The tengu reaver points at you and mumbles some strange words.
The bolt of magma hits you!
You die...

#...≈≈.. ...###.≈≈..## .≈≈⌠≈...
⌠≈≈..##.≈.§§## .≈.....
.≈...##.≈§§)## ....############
......##.≈.).##
..###.....(....###.....###.≈≈).##
''#.#....##....#.#''..''###.≈)..#
#...''..#..#..')...## ##....#
.....#........#)..*.# ##.)..
##...##########.@.##.# #....
⌠..### ###.DH#.# ##.'# ..##
##Q.#..# ##'. .## #(...# #... ##
#...(# ##.. # ..'## #.. # #(..
#.. .(% #.. .( #..


You could see an ice dragon, a sphinx, a tengu reaver and a battlesphere.

Vanquished Creatures
  A frost giant (Depths:2)
  4 stone giants
  3 very ugly things (Depths:1)
  3 spark wasps (Depths:2)
  3 fire dragons
  5 ettins
  2 great orbs of eyes (Depths:1)
  A yaktaur captain (Depths:1)
  2 hydras
  3 ice dragons
  3 rakshasas
  4 ogre magi
  3 centaur warriors
  A death knight (D:13)
  5 tengu warriors
  19 two-headed ogres
  2 deep troll shamans (Depths:1)
  Urug (D:14)
  2 spriggan berserkers (Depths:2)
  A vampire mage (Depths:2)
  2 spriggans (Depths:2)
  An iron troll (Depths:1)
  6 unseen horrors
  A wizard (D:12)
  2 deep trolls (Depths:1)
  A golden dragon skeleton (Depths:2)
  A harpy (shapeshifter) (Depths:2)
  A necromancer (Depths:2)
  A manticore (D:15)
  21 ugly things
  A faun (shapeshifter) (Depths:1)
  An orc sorcerer (D:15)
  2 deep elf magi (D:14)
  4 cyclopes
  An ice statue (D:12)
  4 centaur zombies
  A rust devil (Depths:1)
  2 gargoyles
  3 kobold demonologists
  2 freezing wraiths
  3 komodo dragons
  9 yaktaurs
  2 efreet
  A jumping spider (shapeshifter) (Depths:1)
  8 trolls
  2 hornets (Depths:2)
  3 tengu conjurers
  2 dream sheep (D:8)
  A spriggan zombie (Depths:2)
  2 slime creatures
  Sigmund (D:4)
  A spriggan (shapeshifter) (D:15)
  A redback (D:12)
  2 hippogriffs (D:12)
  A water elemental (Depths:1)
  3 wyverns
  A vampire (D:15)
  27 yaks
  2 shadows
  5 wraiths
  2 basilisks
  5 vampire mosquitoes
  A steam dragon (D:10)
  5 hungry ghosts
  Edmund (D:4)
  An acid dragon (D:12)
  2 soldier ants
  3 water moccasins
  A porcupine (D:9)
  6 orc warriors
  2 black bears
  A human skeleton (Depths:2)
  6 ice beasts
  4 sky beasts
  A necrophage (D:9)
  An eye of draining (shapeshifter) (Depths:2)
  2 eyes of draining
  2 phantoms
  9 centaurs
  13 ogres
  A boggart (D:14)
  3 crocodiles (D:9)
  12 bullfrogs
  6 big kobolds
  6 scorpions
  20 wights
  5 howler monkeys
  4 crimson imps
  6 jellies
  A quasit (D:9)
  A bullfrog zombie (D:6)
  5 hounds
  5 orc priests
  10 orc wizards
  3 centaur skeletons
  Natasha (thrice) (D:4)
  6 iguanas
  9 worker ants
  A hound zombie (D:10)
  2 worker ant zombies
  A howler monkey skeleton (D:5)
  11 adders
  2 shadow imps
  5 oozes (D:1)
  2 adder zombies
  An adder skeleton (D:10)
  A dart slug (D:4)
  7 leopard geckos
  48 orcs
  3 bats
  8 giant cockroaches
  A goblin (D:2)
  2 hobgoblins
  16 jackals
  3 quokkas
  4 frilled lizards
  A giant cockroach zombie (D:6)
  11 kobolds
  A leopard gecko skeleton (D:7)
  10 rats
  A plant (D:9)
519 creatures vanquished.

Vanquished Creatures (others)
  A vampire knight (Depths:1)
  2 boggarts (D:14)
  4 bushes (D:9)
  8 fungi (D:9)
  10 plants (D:9)
25 creatures vanquished.

Grand Total: 544 creatures vanquished

Notes
Turn   | Place    | Note
-------+----------+-------------------------------------------
     0 | D:1      | Amnesiac the Ogre Arcane Marksman began the quest for the Orb.
     0 | D:1      | Reached XP level 1. HP: 19/19 MP: 2/2
     1 | D:1      | Found a runed door.
   526 | D:1      | Reached XP level 2. HP: 22/28 MP: 2/4
   548 | D:1      | Learned a level 2 spell: Slow
  1024 | D:1      | Reached XP level 3. HP: 20/35 MP: 1/5
  1415 | D:2      | Learned a level 3 spell: Portal Projectile
  1447 | D:2      | Reached skill level 3 in Throwing
  1499 | D:2      | Reached XP level 4. HP: 38/44 MP: 4/7
  1603 | D:2      | Found a glowing silver altar of Zin.
  2522 | D:3      | Found an opulent altar of Gozag.
  2523 | D:3      | Found a sparkling altar of Nemelex Xobeh.
  2664 | D:4      | Reached skill level 4 in Throwing
  2664 | D:4      | Reached XP level 5. HP: 21/53 MP: 0/8
  2900 | D:4      | Found a staircase to the Ecumenical Temple.
  2906 | Temple   | Entered the Ecumenical Temple
  2911 | Temple   | Became a worshipper of Warmaster Okawaru
  2927 | D:4      | Noticed Natasha
  2937 | D:4      | Killed Natasha
  3166 | D:4      | Noticed Sigmund
  3171 | D:4      | Killed Sigmund
  3171 | D:4      | Reached * piety under Okawaru
  3171 | D:4      | Reached skill level 5 in Throwing
  3171 | D:4      | Reached XP level 6. HP: 50/63 MP: 5/9
  3275 | D:4      | Noticed Natasha
  3334 | D:4      | Killed Natasha
  3440 | D:4      | Noticed Edmund
  3453 | D:4      | Killed Edmund
  3453 | D:4      | Reached skill level 5 in Fighting
  3453 | D:4      | Reached skill level 6 in Throwing
  3453 | D:4      | Reached XP level 7. HP: 49/72 MP: 5/10
  3506 | D:4      | Found a staircase to the Ecumenical Temple.
  3654 | D:4      | Noticed Natasha
  3660 | D:4      | Killed Natasha
  3844 | D:5      | Entered Level 5 of the Dungeon
  4093 | D:5      | Found a white marble altar of Elyvilon.
  4920 | D:6      | Reached skill level 1 in Invocations
  5217 | D:6      | Reached skill level 7 in Throwing
  5217 | D:6      | Reached XP level 8. HP: 65/83 MP: 9/11
  5301 | D:6      | Reached ** piety under Okawaru
  5350 | D:6      | Found a shattered altar of Ashenzari.
  5695 | D:6      | Got a faintly glowing spear
  5881 | D:6      | Found a runed door.
  7067 | D:6      | Found a roughly hewn altar of Beogh.
  7119 | D:6      | Identified the cursed +3 spear of Truth {freeze, rF++ Str+4 SInv} (You found it on level 6 of the Dungeon)
  7225 | D:6      | Reached skill level 8 in Throwing
  8068 | D:7      | Reached skill level 1 in Shields
  8216 | D:7      | Reached XP level 9. HP: 76/93 MP: 8/12
  8249 | D:7      | Reached *** piety under Okawaru
  8285 | D:7      | Found Tegi's Antique Armour Emporium.
  8754 | D:7      | Found a sacrificial altar of Ru.
  8906 | D:7      | Reached skill level 9 in Throwing
  8977 | D:7      | Found a hide-covered altar of Uskayaw.
  9299 | D:8      | Received a gift from Okawaru
  9307 | D:8      | Reached skill level 5 in Invocations
  9610 | D:8      | Noticed a two-headed ogre
  9840 | D:8      | Reached **** piety under Okawaru
  9874 | D:8      | Killed a two-headed ogre
  9874 | D:8      | Reached skill level 10 in Throwing
  9874 | D:8      | Reached XP level 10. HP: 76/107 MP: 14/14
 10257 | D:8      | Reached ***** piety under Okawaru
 10467 | D:8      | Noticed a three-headed hydra
 10476 | D:8      | Killed a one-headed hydra
 10476 | D:8      | Received a gift from Okawaru
 10476 | D:8      | Received a gift from Okawaru
 11080 | D:9      | Noticed a cyclops
 11080 | D:9      | Noticed a brown ugly thing
 11096 | D:9      | Noticed a white ugly thing
 11168 | D:8      | Killed a brown ugly thing
 11168 | D:8      | Reached skill level 10 in Fighting
 11168 | D:8      | Reached skill level 11 in Throwing
 11173 | D:8      | Gained mutation: Potions are less effective at restoring your health. [mutagenic meat]
 11563 | D:8      | HP: 2/110 [troll (8)]
 11564 | D:8      | Received a gift from Okawaru
 11564 | D:8      | Reached skill level 5 in Shields
 11564 | D:8      | Reached XP level 11. HP: 2/118 MP: 16/16
 12337 | D:8      | Killed a white ugly thing
 12443 | D:8      | Received a gift from Okawaru
 12888 | D:9      | Killed a cyclops
 12888 | D:9      | Received a gift from Okawaru
 13574 | D:9      | Found a staircase to the Orcish Mines.
 13685 | D:9      | Received a gift from Okawaru
 13763 | D:9      | Gained mutation: You have large cloven feet. [mutagenic meat]
 13764 | D:9      | Gained mutation: Your flesh is heat resistant. (rF+) [mutagenic meat]
 13765 | D:9      | Gained mutation: You are agile. (Dex +2) [mutagenic meat]
 14006 | D:9      | Found a staircase to the Lair.
 14019 | D:9      | Reached skill level 12 in Throwing
 14352 | D:9      | Learned a level 2 spell: Passwall
 14356 | D:9      | Learned a level 3 spell: Tukima's Dance
 14360 | D:9      | Learned a level 3 spell: Confuse
 14516 | D:10     | Entered Level 10 of the Dungeon
 14567 | D:10     | Noticed a two-headed ogre
 15275 | D:10     | Gained mutation: You tend to lose your temper in combat. [mutagenic meat]
 15276 | D:10     | Gained mutation: You have a somewhat thin skeletal structure. (Dex +2, Stealth) [mutagenic meat]
 15277 | D:10     | Gained mutation: Your muscles are strong. (Str +2) [mutagenic meat]
 15278 | D:10     | Lost mutation: You are agile. (Dex +2) [mutagenic meat]
 15280 | D:10     | Gained mutation: You are partially covered in rugged brown scales. (AC +1, +3% HP) [mutagenic meat]
 15337 | D:10     | Killed a two-headed ogre
 15337 | D:10     | Received a gift from Okawaru
 15354 | D:10     | Got a heavily runed hat {god gift}
 15360 | D:10     | Identified the +2 hat of Rakhabal {rC++ rN+ Int-5 Dex+2} (Okawaru gifted it to you on level 10 of the Dungeon)
 15598 | D:10     | Found Sedeomp's Weapon Boutique.
 15852 | D:11     | Noticed an unseen horror
 15858 | D:11     | Killed an unseen horror
 15968 | D:11     | Reached XP level 12. HP: 133/133 MP: 16/18
 16920 | D:12     | Received a gift from Okawaru
 17018 | D:12     | Noticed an ice dragon
 17018 | D:12     | Reached ****** piety under Okawaru
 17019 | D:12     | Noticed a centaur warrior
 17022 | D:12     | Noticed a four-headed hydra
 17022 | D:12     | Killed an ice dragon
 17022 | D:12     | Reached skill level 13 in Throwing
 17023 | D:12     | Noticed a two-headed ogre
 17168 | D:12     | Noticed a two-headed ogre
 17170 | D:12     | Killed a two-headed ogre
 17499 | D:12     | Killed a two-headed ogre
 17499 | D:12     | Received a gift from Okawaru
 17499 | D:12     | Reached skill level 5 in Hexes
 17502 | D:12     | Got a slimy dagger {god gift}
 17509 | D:12     | Killed a four-headed hydra
 17675 | D:12     | Killed a centaur warrior
 17901 | D:12     | Reached XP level 13. HP: 129/145 MP: 19/19
 17905 | D:12     | Received a gift from Okawaru
 18124 | D:12     | Reached skill level 14 in Throwing
 18580 | D:13     | Received a gift from Okawaru
 19166 | D:14     | Gained mutation: Your body sometimes deteriorates upon taking damage. [mutagenic meat]
 19167 | D:14     | Lost mutation: Your flesh is heat resistant. (rF+) [mutagenic meat]
 19213 | D:14     | Received a gift from Okawaru
 19217 | D:14     | Reached skill level 15 in Throwing
 19306 | D:14     | Received a gift from Okawaru
 19805 | D:14     | Reached skill level 1 in Armour
 19842 | D:14     | Reached XP level 14. HP: 151/160 MP: 20/20
 19854 | D:14     | Found a gate to the Vaults.
 19857 | D:14     | Received a gift from Okawaru
 19868 | D:14     | Noticed Urug
 19883 | D:14     | Killed Urug
 19981 | D:14     | Got a crude jade ring
 20068 | D:14     | Found an opulent altar of Gozag.
 20165 | D:15     | Entered Level 15 of the Dungeon
 20165 | D:15     | Found Hergha Juivu's Food Emporium.
 20440 | D:15     | Gained mutation: Your body often deteriorates upon taking damage. [mutagenic meat]
 20442 | D:15     | Gained mutation: You are partially covered in icy blue scales. (AC +2) [mutagenic meat]
 20527 | D:15     | Reached skill level 16 in Throwing
 20567 | D:15     | Received a gift from Okawaru
 20779 | D:15     | Found a staircase to the Depths.
 20791 | D:15     | Reached skill level 15 in Fighting
 20822 | D:15     | Lost mutation: You are partially covered in rugged brown scales. (AC +1, +3% HP) [mutagenic meat]
 20823 | D:15     | Gained mutation: Your movements are slightly less encumbered by armour. (ER -2) [mutagenic meat]
 20824 | D:15     | Lost mutation: You have large cloven feet. [mutagenic meat]
 21203 | Depths:1 | Entered Level 1 of the Depths
 21206 | Depths:1 | Noticed a vampire knight
 21210 | Depths:1 | Killed a vampire knight
 21212 | Depths:1 | Received a gift from Okawaru
 21546 | D:15     | Identified the ring "Idaulit" {rF+ Str-2 Dex+3 Stlth-} (You found it on level 14 of the Dungeon)
 21847 | Depths:1 | Noticed a purple very ugly thing
 21848 | Depths:1 | Noticed a purple very ugly thing
 21852 | Depths:1 | Noticed a purple very ugly thing
 21853 | Depths:1 | Killed a purple very ugly thing
 21857 | Depths:1 | Killed a white very ugly thing
 21870 | Depths:1 | Killed a green very ugly thing
 21870 | Depths:1 | Reached XP level 15. HP: 118/167 MP: 19/21
 21894 | Depths:1 | Gained mutation: Scrolls take you a little longer to read. [mutagenic meat]
 21895 | Depths:1 | Gained mutation: You are agile. (Dex +2) [mutagenic meat]
 22131 | Depths:1 | Received a gift from Okawaru
 22225 | Depths:1 | Reached skill level 5 in Armour
 22367 | Depths:1 | Received a gift from Okawaru
 22377 | Depths:1 | Reached skill level 17 in Throwing
 22427 | Depths:1 | Received a gift from Okawaru
 22572 | Depths:1 | Received a gift from Okawaru
 22638 | Depths:1 | Found a gateway to Hell.
 22784 | Depths:1 | Found a one-way gate to the infinite horrors of the Abyss.
 23110 | Depths:1 | Gained mutation: Your natural rate of healing is unusually fast. [mutagenic meat]
 23111 | Depths:1 | Lost mutation: Your muscles are strong. (Str +2) [mutagenic meat]
 23132 | Depths:2 | Reached skill level 10 in Shields
 23274 | Depths:2 | Received a gift from Okawaru
 23619 | Depths:2 | Noticed a frost giant
 23625 | Depths:2 | Killed a frost giant
 23675 | Depths:2 | Reached XP level 16. HP: 17/180 MP: 0/22
 23684 | Depths:2 | Received a gift from Okawaru
 23684 | Depths:2 | Reached skill level 18 in Throwing
 24055 | Depths:2 | Noticed a tengu reaver
 24073 | Depths:2 | Noticed a sphinx
 24086 | Depths:2 | HP: 7/180 [ice dragon (10)]
 24088 | Depths:2 | Killed from afar by a tengu reaver

Vault maps used:
D:1:      dpeg_arrival_caged_fury, nrook_loot_triangle
D:2:      zin_scriptorium
D:3:      grunt_temple_overflow_opulence
D:4:      temple_green, first_bread, kennysheep_generic_room_7, uniq_sigmund,
          uniq_natasha, uniq_edmund
D:5:      old_standard_altar
D:6:      ashenzari_conservatory_becter, lightli_church_of_beogh
D:7:      kennysheep_mini, lemuel_round_altar, serial_shops, nicolae_shop_stone
D:8:      hangedman_ranch
D:9:      minmay_lair_entry_grove, orc_0_dummy, minivault_28
D:10:     serial_shops, nicolae_shop_stone
D:12:     lemuel_ice_statue, minmay_misc_feat_room, minivault_28
D:14:     david_vaults_2, hex_tiny, grunt_gozag_statues, uniq_urug
D:15:     hangedman_depths_entry_civil_slaughter, serial_shops, shop,
          minmay_misc_feat_alley
Temple:   minmay_freezing_vapour_temple
Depths:1: grunt_hell_entry_dis_mu, minmay_misc_feat_rows,
          abyss_entry_small_statue_room, kennysheep_minor_cross,
          serial_bayou_pond_d, serial_sigils_hangedman_scar, item_on_display_b
Depths:2: grunt_runaround, hell_entry, pan_entry

Skill      XL: |  1  2  3  4  5  6  7  8  9 10 11 12 13 14 15 16 |
---------------+-------------------------------------------------+-----
Fighting       | 2 3 4 5 6 7 9 10 11 12 14 15 16 | 16.7
Hexes          | 3 5 |  5.0
Spellcasting   | 2 3 4 |  4.0
Throwing       | 3 4 5 6 7 8 10 11 12 13 15 16 17 18 | 18.1
Invocations    | 2 4 5 7 8 |  8.0
Shields        | 1 3 5 6 7 9 10 | 10.0
Armour         | 1 4 6 |  6.9
Dodging        | |  1.7

Action                   |  1- 3 |  4- 6 |  7- 9 | 10-12 | 13-15 | 16-18 || total
-------------------------+-------+-------+-------+-------+-------+-------++-------
Melee: Whip              |   119 |     9 |       |       |       |       ||   128
       Unarmed           |    19 |     6 |       |       |       |       ||    25
       Dagger            |       |       |   153 |   245 |       |       ||   398
       Spear             |       |       |     5 |     8 |       |       ||    13
       Falchion          |       |       |       |     8 |       |       ||     8
       Kick              |       |       |       |    21 |       |       ||    21
 Fire: Hunting sling     |       |    86 |   211 |       |       |       ||   297
Throw: Large rock        |     4 |     6 |    17 |   137 |   427 |    43 ||   634
       Javelin           |       |     7 |    49 |   110 |   172 |    41 ||   379
       Stone             |       |       |   117 |    11 |       |       ||   128
       Throwing net      |       |       |       |     6 |       |       ||     6
       Tomahawk          |       |       |       |    64 |   115 |       ||   179
 Cast: Corona            |    35 |    47 |    79 |    61 |       |       ||   222
       Slow              |       |       |    14 |    26 |       |       ||    40
       Tukima's Dance    |       |       |       |     2 |       |       ||     2
Invok: Heroism           |       |       |       |       |     2 |     2 ||     4
       Finesse           |       |       |       |       |       |     2 ||     2
Evoke: Wand              |       |       |     1 |     1 |     3 |       ||     5
  Use: Scroll            |       |       |    12 |    11 |     5 |       ||    28
       Potion            |       |       |       |     3 |     1 |     2 ||     6
 Stab: Paralysed         |       |       |     5 |       |       |       ||     5
       Held in net/web   |       |       |       |     1 |       |       ||     1
  Eat: Chunk             |     3 |     7 |    15 |    32 |    38 |     1 ||    96
       Fruit             |       |       |     4 |       |       |       ||     4
       Royal jelly       |       |       |     2 |       |       |       ||     2
       Bread ration      |       |       |     1 |     1 |       |       ||     2
       Meat ration       |       |       |       |     1 |       |       ||     1
Armor: Robe              |    48 |    16 |    49 |    76 |       |       ||   189
       Steam dragon scal |       |       |       |    20 |       |       ||    20
       Ice dragon scales |       |       |       |     4 |   130 |    15 ||   149
Dodge: Dodged            |   101 |    45 |   149 |   212 |    82 |     9 ||   598
Block: Shield            |       |       |       |    34 |   121 |       ||   155
       Large shield      |       |       |       |       |   121 |    31 ||   152
       Rpst.: Falchion   |       |       |       |     2 |       |       ||     2

Table legend:
 A = Spawn XP
 B = Non-spawn XP
 C = Spawn XP percentage of total XP
 D = Spawn monster count
 E = Non-spawn monster count
 F = Spawn count percentage of total count
 G = Total turns spent on level
                    A         B        C        D         E        F      G
               +---------+---------+-------+---------+---------+-------+---------
         Total |       0 |  138635 |   0.0 |       0 |     520 |   0.0 | 24088
               +---------+---------+-------+---------+---------+-------+---------
           D:1 |       0 |      67 |   0.0 |       0 |      28 |   0.0 |  1443
           D:2 |       0 |      41 |   0.0 |       0 |      10 |   0.0 |   676
           D:3 |       0 |      49 |   0.0 |       0 |       8 |   0.0 |   516
           D:4 |       0 |     618 |   0.0 |       0 |      17 |   0.0 |  1198
           D:5 |       0 |     100 |   0.0 |       0 |       9 |   0.0 |  1192
           D:6 |       0 |    1235 |   0.0 |       0 |      47 |   0.0 |  2665
           D:7 |       0 |    1009 |   0.0 |       0 |      24 |   0.0 |  1817
           D:8 |       0 |    7106 |   0.0 |       0 |      43 |   0.0 |  3292
           D:9 |       0 |    4760 |   0.0 |       0 |      50 |   0.0 |  2212
          D:10 |       0 |    1898 |   0.0 |       0 |      14 |   0.0 |   766
          D:11 |       0 |    3876 |   0.0 |       0 |      28 |   0.0 |   846
          D:12 |       0 |   12556 |   0.0 |       0 |      38 |   0.0 |  1589
          D:13 |       0 |    9217 |   0.0 |       0 |      33 |   0.0 |   864
          D:14 |       0 |   14283 |   0.0 |       0 |      46 |   0.0 |  1078
          D:15 |       0 |   24771 |   0.0 |       0 |      52 |   0.0 |  1569
      Depths:1 |       0 |   24845 |   0.0 |       0 |      30 |   0.0 |  1390
      Depths:2 |       0 |   32204 |   0.0 |       0 |      43 |   0.0 |   964
               +---------+---------+-------+---------+---------+-------+---------
